 Dungeon Crawl Stone Soup version 0.19.1 (webtiles) character file.

127 balthal the Bolt Thrower (level 5, -4/49 HPs)
             Began as an Ogre Arcane Marksman on Dec 11, 2016.
             Slain by loralnil's ghost (16 damage)
             ... on level 3 of the Dungeon.
             The game lasted 00:05:41 (1647 turns).

balthal the Bolt Thrower (Ogre Arcane Marksman)     Turns: 1647, Time: 00:05:42

Health: -4/49      AC:  3    Str: 16    XL:     5   Next: 11%
Magic:  7/7        EV: 10    Int: 12    God:
Gold:   76         SH:  0    Dex: 10    Spells: 2 memorised, 4 levels left

rFire  . . .     SeeInvis .     a - +1 hand crossbow
rCold  . . .     Gourm    .     e - +0 robe
rNeg   . . .     Faith    .     (no shield)
rPois  .         Spirit   .     (helmet restricted)
rElec  .         Reflect  .     (no cloak)
rCorr  .         Harm     .     (gloves unavailable)
MR     .....                    (boots unavailable)
Stlth  +.........               b - amulet of regeneration
                                (no ring)
                                (no ring)

@: flying
A: unfitting armour, tough skin 1
a: no special abilities


You were on level 3 of the Dungeon.
You were not hungry.

You visited 1 branch of the dungeon, and saw 3 of its levels.

You collected 76 gold pieces.

Inventory:

Hand Weapons
 a - a +1 hand crossbow (weapon)
 k - a +0 hunting sling
Missiles
 d - 42 bolts (quivered)
 i - 8 javelins of returning
Armour
 e - a +0 robe (worn)
Jewellery
 b - an amulet of regeneration (around neck)
 l - a cursed ring of loudness {unknown}
Scrolls
 g - a scroll of identify
Books
 c - a book of Debilitation

   Spells                             Type                      Level
   a - Corona                         Hexes                        1
   b - Slow                           Hexes                        2
   c - Gell's Gravitas                Hexes/Translocation          3
   d - Inner Flame                    Hexes/Fire                   3
   e - Cause Fear                     Hexes                        4
   f - Leda's Liquefaction            Hexes/Earth                  4
Comestibles
 f - 2 bread rations


   Skills:
 + Level 2.2 Fighting
 + Level 2.8 Crossbows
 + Level 2.2 Dodging
 + Level 0.1 Stealth
 + Level 1.5 Spellcasting
 + Level 2.7 Hexes


You had 4 spell levels left.
You knew the following spells:

 Your Spells              Type           Power        Failure   Level  Hunger
a - Corona                Hex            #......      12%         1    ##.....
b - Slow                  Hex            #.......     14%         2    ###....


Dungeon Overview and Level Annotations

Branches:
Dungeon (3/15)

Altars:
Ashenzari
Fedhas
Makhleb
Zin

Annotations:
D:3 loralnil's ghost, amateur DsFi


Innate Abilities, Weirdness & Mutations

You are too large for most types of armour.
You have tough skin. (AC +1)


Message History

Loralnil's ghost hits you! x2
* * * LOW HITPOINT WARNING * * *
You are too injured to fight recklessly!
You are too injured to fight recklessly!
You are too injured to fight recklessly!
You are too injured to fight recklessly!
Firing (i - inventory. (,) - cycle):
d - 43 bolts (quivered)
Press: ? - help, Shift-Dir - straight line, f/p - loralnil's ghost
Aim: loralnil's ghost (severely damaged)
You shoot a bolt. The bolt hits loralnil's ghost!
Loralnil's ghost is almost destroyed.
Loralnil's ghost closely misses you.
It was a potion of curing.
You feel better. Loralnil's ghost hits you!
* * * LOW HITPOINT WARNING * * *
You feel better. Loralnil's ghost hits you!
* * * LOW HITPOINT WARNING * * *
It was a potion of flight.
You feel very buoyant.
You fly up into the air.
Loralnil's ghost hits you!
You die...

##.#...........
....#.(.......
#....#.....#
#..........# ###### ##.
#...((.# #.).<#
#...##((....######....#
...()............#..†.#
.(........#..###......#
...#........)(W@......#
...#........)#####....#
.........†##.# #....#
)#.......#[...# #....#
#......##....# #....#
#.............# #....#
...#.....#...#.# ######
.##..........#..#
......#.#####.#


You could see loralnil's ghost.

Vanquished Creatures
  Robin (D:2)
  A gnoll (D:1)
  4 adders
  An ooze (D:1)
  2 worms
  A dart slug (D:1)
  An orc (D:3)
  6 bats
  2 giant cockroaches
  10 goblins
  9 hobgoblins
  9 kobolds
  A quokka (D:3)
  2 frilled lizards
  5 rats
55 creatures vanquished.

Notes
Turn   | Place    | Note
-------+----------+-------------------------------------------
     0 | D:1      | balthal the Ogre Arcane Marksman began the quest for the Orb.
     0 | D:1      | Reached XP level 1. HP: 19/19 MP: 2/2
    63 | D:1      | Reached XP level 2. HP: 25/27 MP: 0/3
    77 | D:1      | Learned a level 2 spell: Slow
   169 | D:1      | Reached XP level 3. HP: 33/33 MP: 4/4
   890 | D:2      | Found a shattered altar of Ashenzari.
   905 | D:2      | Found a glowing silver altar of Zin.
   963 | D:2      | Noticed Robin
   971 | D:2      | Killed Robin
   971 | D:2      | Reached XP level 4. HP: 29/41 MP: 6/6
  1018 | D:2      | Found a blossoming altar of Fedhas.
  1147 | D:2      | Found a burning altar of Makhleb.
  1514 | D:3      | Reached XP level 5. HP: 28/49 MP: 7/7
  1619 | D:3      | Noticed loralnil's ghost (amateur DsFi)
  1647 | D:3      | Slain by loralnil's ghost

Skill      XL: |  1  2  3  4 |
---------------+-------------+-----
Dodging        | 2 |  2.2
Crossbows      | 2 |  2.8
Fighting       | 2 |  2.2
Stealth        | |  0.1
Spellcasting   | |  1.5
Hexes          | |  2.7

Action                   |  1- 3 |  4- 6 || total
-------------------------+-------+-------++-------
 Fire: Hand crossbow     |    70 |    78 ||   148
 Cast: Corona            |     7 |     5 ||    12
  Use: Scroll            |     4 |     1 ||     5
       Potion            |       |     3 ||     3
  Eat: Bread ration      |       |     1 ||     1
Armor: Robe              |     8 |    14 ||    22
Dodge: Dodged            |     9 |    26 ||    35
